 Dungeon Crawl Stone Soup version 0.19-a0-1831-gd4c818f (webtiles) character file.

2473 Flanowski the Cleaver (level 9, 0/88 HPs)
             Began as a Deep Dwarf Fighter on Oct 8, 2016.
             Was an Initiate of Makhleb.
             Slain by a wyvern (1 damage)
             ... on level 8 of the Dungeon.
             The game lasted 00:09:29 (5091 turns).

Flanowski the Cleaver (Deep Dwarf Fighter)          Turns: 5091, Time: 00:09:31

Health: 0/88       AC: 11    Str: 22    XL:     9   Next: 26%
Magic:  9/9        EV:  9    Int: 10    God:    Makhleb [......]
Gold:   446        SH:  0    Dex: 12    Spells: 0 memorised, 8 levels left

rFire  . . .     SeeInvis .     a - +0 war axe
rCold  . . .     Gourm    +     b - +0 scale mail
rNeg   . . .     Faith    .     c - +1 shield
rPois  .         Spirit   .     (no helmet)
rElec  .         Dismiss  .     (no cloak)
rCorr  .         Reflect  .     (no gloves)
MR     +....     Harm     .     (no boots)
Stlth  ..........               j - amulet of the gourmand
                                v - +2 ring of evasion
                                g - +5 ring of protection

@: confused, non-regenerating
A: damage resistance, recharge devices, sense surroundings 2, slow regeneration
3
a: Device Recharging, Renounce Religion


You were on level 8 of the Dungeon.
You worshipped Makhleb.
Makhleb was noncommittal.
You were completely stuffed.

You visited 2 branches of the dungeon, and saw 9 of its levels.

You collected 446 gold pieces.

Inventory:

Hand Weapons
 a - a +0 war axe (weapon)
Armour
 b - a +0 scale mail (worn)
 c - a +1 shield (worn)
Jewellery
 g - a +5 ring of protection (left hand)
 j - an amulet of the gourmand (around neck)
 q - an uncursed amulet of rage {unknown}
 v - a +2 ring of evasion (right hand)
 E - an uncursed ring of stealth
 L - an uncursed ring of protection from cold {unknown}
Wands
 e - a wand of heal wounds (2/9)
 y - a wand of confusion (6/48)
 H - a wand of slowing (18/48)
 N - a wand of lightning (4/15)
Scrolls
 h - 8 scrolls of remove curse
 i - 3 scrolls of blinking
 m - a scroll of enchant armour
 o - a scroll of noise
 p - 2 scrolls of random uselessness
 r - 6 scrolls of identify
 u - 4 scrolls of amnesia
 C - a scroll of magic mapping {unknown}
 O - a scroll of teleportation
Potions
 d - a potion of might
 l - 3 potions of ambrosia {unknown}
 n - a potion of invisibility {unknown}
 s - 2 potions of brilliance {unknown}
 t - 3 potions of lignification {unknown}
 z - a potion of beneficial mutation {unknown}
 A - a potion of flight {unknown}
 B - a potion of heal wounds {unknown}
 D - a potion of cancellation {unknown}
 G - 2 potions of agility {unknown}
 K - 2 potions of curing {unknown}
Books
 J - a book of Misfortune

   Spells                             Type                      Level
   a - Confusing Touch                Hexes                        1
   b - Confuse                        Hexes                        3
   c - Gell's Gravitas                Hexes/Translocation          3
   d - Petrify                        Transmutation/Earth          4
   e - Metabolic Englaciation         Hexes/Ice                    5
   f - Yara's Violent Unravelling     Hexes/Transmutation          5
Comestibles
 f - 5 bread rations
 k - 4 meat rations
 w - 3 royal jellies
 F - a slice of pizza
 I - 4 fruits


   Skills:
 * Level 7.8 Fighting
 + Level 10.5 Axes
 - Level 3.2 Armour
 - Level 3.2 Shields
 + Level 2.1 Evocations


You had 8 spell levels left.
You didn't know any spells.

Dungeon Overview and Level Annotations

Branches:
Dungeon (8/15)             Temple (1/1) D:7
   Lair: D:8-11

Altars:
Ashenzari
Fedhas
Gozag
Hepliaklqana
Kikubaaqudgha
Makhleb
Nemelex Xobeh
Sif Muna
Trog
Xom
Yredelemnul

Shops:
D:4 *   D:7 (


Innate Abilities, Weirdness & Mutations

You are resistant to damage.
You can recharge devices by infusing magical energy.
You passively map the area around you.
You do not regenerate.


Message History

You miss the orc wizard. You slash the necrophage!
The orc wizard hits you but does no damage.
The necrophage barely misses you. The wyvern bites you.
* * * LOW HITPOINT WARNING * * *
The orc warrior hits you from afar with a glaive!!
* * * LOW HITPOINT WARNING * * *
The orc wizard casts a spell.
The orc wizard flickers and vanishes!
The necrophage misses you.
You bump into the rock wall.
The wyvern barely misses you.
The wyvern bites you but does no damage.
The orc warrior hits you from afar with a glaive.
Something hits you.
The necrophage hits you but does no damage.
You slash the wyvern!
The wyvern is almost dead.
You hit the necrophage. You closely miss something.
The wyvern barely misses you. The necrophage hits you.
* * * LOW HITPOINT WARNING * * *
The wyvern bites you.
You die...

, ,*....... ...... * ,
, ..... ..... ,, #...
*#..# * * * *
##...###..####, * * ,
#.....#......# , *
,,#.....'.l....# ,, *
#...oo##.....# , , **
#####n##.....# , *,
#...l@.......# ,,,
,,..##..<.{##'##### ,
, , , ,
..........##....### *
,....................
, *
**#####...............
, ,* , , ,,,
########........ , * ,
, ,,, , ,#........,, +
, #########+ * , , ,,,
,


You could see an orc warrior, a wyvern, a necrophage and an orc.

Vanquished Creatures
  Sigmund (D:5)
  Menkaure (D:4)
  A water moccasin (D:7)
  Duvessa (D:7)
  3 phantoms
  An ice beast (D:6)
  A sky beast (D:5)
  2 ogres
  5 centaurs
  A bullfrog (D:7)
  Dowan (D:7)
  A scorpion (D:3)
  A howler monkey (D:4)
  A crimson imp (D:7)
  A bullfrog zombie (D:6)
  3 hounds
  A centaur skeleton (D:4)
  A bullfrog skeleton (D:7)
  An orc priest (D:7)
  A centaur zombie (D:5)
  Crazy Yiuf (D:2)
  An iguana (D:3)
  4 orc wizards
  Ijyb (D:3)
  Terence (D:3)
  4 worker ants
  A worker ant zombie (D:5)
  4 gnolls
  4 adders
  A shadow imp (D:6)
  An ooze (D:4)
  An adder zombie (D:8)
  2 worms
  2 dart slugs
  6 leopard geckos
  13 orcs
  3 bats
  8 giant cockroaches
  5 goblins
  8 hobgoblins
  4 jackals (D:5)
  5 kobolds
  2 quokkas
  A ball python (D:3)
  9 frilled lizards
  A leopard gecko skeleton (D:6)
  7 rats
129 creatures vanquished.

Notes
Turn   | Place    | Note
-------+----------+-------------------------------------------
     0 | D:1      | Flanowski the Deep Dwarf Fighter began the quest for the Orb.
     0 | D:1      | Reached XP level 1. HP: 20/20 MP: 1/1
   113 | D:1      | Found a sparkling altar of Nemelex Xobeh.
   119 | D:1      | Reached XP level 2. HP: 23/28 MP: 2/2
   511 | D:1      | Reached XP level 3. HP: 34/34 MP: 3/3
   794 | D:2      | Reached skill level 3 in Axes
   860 | D:2      | Found a runed door.
   984 | D:2      | Reached XP level 4. HP: 35/44 MP: 4/4
  1128 | D:2      | Noticed Crazy Yiuf
  1142 | D:2      | Killed Crazy Yiuf
  1317 | D:3      | Reached skill level 4 in Axes
  1509 | D:3      | Noticed Terence
  1521 | D:3      | Killed Terence
  1521 | D:3      | Reached XP level 5. HP: 44/50 MP: 5/5
  1897 | D:3      | Reached skill level 5 in Axes
  1943 | D:3      | Noticed Ijyb
  1981 | D:3      | Killed Ijyb
  2074 | D:3      | Noticed a centaur
  2080 | D:3      | Killed a centaur
  2080 | D:3      | Reached XP level 6. HP: 40/60 MP: 6/6
  2110 | D:4      | Reached skill level 5 in Fighting
  2110 | D:4      | Reached skill level 6 in Axes
  2116 | D:4      | Found Otuschuo's Assorted Antiques.
  2228 | D:4      | Noticed Menkaure
  2242 | D:4      | Killed Menkaure
  2242 | D:4      | Reached XP level 7. HP: 23/67 MP: 7/7
  2394 | D:4      | Reached skill level 7 in Axes
  2606 | D:4      | Reached skill level 1 in Evocations
  2727 | D:5      | Entered Level 5 of the Dungeon
  2852 | D:5      | Reached skill level 8 in Axes
  2852 | D:5      | Reached XP level 8. HP: 32/76 MP: 7/7
  3338 | D:5      | Noticed Sigmund
  3361 | D:5      | Killed Sigmund
  3688 | D:6      | Reached skill level 9 in Axes
  4452 | D:7      | Found Aginij's Antique Weapon Shoppe.
  4452 | D:7      | Found a staircase to the Ecumenical Temple.
  4460 | Temple   | Entered the Ecumenical Temple
  4502 | Temple   | Became a worshipper of Makhleb the Destroyer
  4569 | D:7      | Noticed Duvessa
  4569 | D:7      | Noticed Dowan
  4577 | D:7      | Killed Duvessa
  4577 | D:7      | Reached skill level 10 in Axes
  4577 | D:7      | Gained mutation: You passively map the area around you. [Deep Dwarf growth]
  4577 | D:7      | Reached XP level 9. HP: 78/86 MP: 9/9
  4588 | D:7      | Killed Dowan
  4634 | D:7      | Found a deep blue altar of Sif Muna.
  5089 | D:8      | HP: 3/88 [orc warrior/glaive (21)]
  5091 | D:8      | HP: 1/88 [necrophage (2)]
  5091 | D:8      | Slain by a wyvern

Vault maps used:
D:1:      lightli_arrival_noodles, nrook_mini_vaults, minmay_hexomino_r4
D:2:      feat_on_display, uniq_crazy_yiuf_cottage
D:3:      uniq_iyjb, uniq_terence
D:4:      serial_shops, nicolae_shop_competitors_out_of_business, uniq_menkaure
D:5:      first_bread, minivault_26, kennysheep_generic_room_5, uniq_sigmund
D:7:      nicolae_overflow_hidden_temple, serial_shops, shop, uniq_duvessa
D:8:      tso_oasis_becter, lair_0_dummy
Temple:   eino_temple_rhombus

Skill      XL: |  1  2  3  4  5  6  7  8 |
---------------+-------------------------+-----
Fighting       | 3 4 5 6 7 |  7.8
Axes           | 3 4 5 6 8 10 | 10.5
Evocations     | 1 2 |  2.1
Armour         | |  3.2
Shields        | |  3.2

Action                   |  1- 3 |  4- 6 |  7- 9 || total
-------------------------+-------+-------+-------++-------
Melee: War axe           |   139 |   134 |   320 ||   593
 Abil: Device Recharging |       |       |     1 ||     1
Evoke: Wand              |     2 |     3 |    10 ||    15
  Use: Scroll            |       |       |    12 ||    12
  Eat: Chunk             |     1 |    17 |     9 ||    27
Armor: Scale mail        |    55 |    51 |   175 ||   281
Dodge: Dodged            |    39 |    44 |   115 ||   198
Block: Shield            |    66 |    57 |   158 ||   281
